 Dungeon Crawl Stone Soup version 0.23.2-30-g0e89c35649 (webtiles) character file.

Game seed: 839185110769644182

1120 diana the Shield-Bearer (level 8, 0/70 HPs)
             Began as a Minotaur Fighter on June 12, 2019.
             Was an Initiate of Gozag.
             Slain by a yak (6 damage)
             ... on level 5 of the Dungeon.
             The game lasted 00:05:08 (4006 turns).

diana the Shield-Bearer (Minotaur Fighter)          Turns: 4006, Time: 00:05:10

Health: 0/70       AC:  7    Str: 23    XL:     8   Next: 12%
Magic:  7/7        EV: 10    Int:  5    God:    Gozag
Gold:   277        SH: 14    Dex: 10    Spells: 7/7 levels left

rFire    . . .     SeeInvis .   a - +0 war axe
rCold    . . .     Gourm    .   c - +0 shield
rNeg     + . .     Faith    .   b - +0 scale mail
rPois    .         Spirit   .   (helmet restricted)
rElec    .         Reflect  +   (no cloak)
rCorr    .         Harm     .   (no gloves)
MR       .....                  (no boots)
Stlth    ..........             u - +4 amulet of reflection
HPRegen  0.21/turn              r - ring of positive energy
MPRegen  0.10/turn              (no ring)

@: starving
A: retaliatory headbutt, horns 2
a: Potion Petition, Call Merchant, Bribe Branch, Renounce Religion


You were on level 5 of the Dungeon.
You worshipped Gozag.
Gozag was aware of your devotion.
You were starving.

You visited 2 branches of the dungeon, and saw 7 of its levels.

You collected 334 gold pieces.
You paid 57 gold pieces to Gozag.

Inventory:

Hand Weapons
 a - a +0 war axe (weapon)
Armour
 b - a +0 scale mail (worn)
 c - a +0 shield (worn)
Jewellery
 r - a ring of positive energy (left hand)
 u - a +4 amulet of reflection (around neck)
Wands
 t - a wand of enslavement (3)
 v - a wand of disintegration (11)
Scrolls
 g - a scroll of enchant armour {unknown}
 h - 4 scrolls of identify {unknown}
 m - 4 scrolls of magic mapping {unknown}
 n - a scroll of noise {unknown}
 o - 3 scrolls of enchant weapon {unknown}
 p - a scroll of remove curse {unknown}
 q - a scroll of teleportation {unknown}
 w - a scroll of amnesia {unknown}
 x - 4 scrolls of brand weapon {unknown}
 y - a scroll of random uselessness {unknown}
Potions
 d - a potion of might
 e - 6 potions of curing {unknown}
 i - 2 potions of flight {unknown}
 j - 2 potions of heal wounds {unknown}
 k - a potion of degeneration {unknown}
 l - a potion of agility {unknown}
 s - a potion of cancellation {unknown}
 z - a potion of brilliance {unknown}
 A - 2 potions of invisibility {unknown}
Comestibles
 f - 12 rations


   Skills:
 + Level 6.2 Fighting
 + Level 5.6 Axes
 + Level 6.2 Armour
 + Level 4.4 Dodging
 + Level 6.3 Shields


You had 7 spell levels left.
You didn't know any spells.
Your spell library was empty.

Dungeon Overview and Level Annotations

Branches:
Dungeon (6/15)             Temple (1/1) D:5

Altars:
Cheibriados
Dithmenos
Elyvilon
Gozag
Kikubaaqudgha
Nemelex Xobeh
Qazlal
Sif Muna
Trog
Uskayaw
Wu Jian
Xom
Zin


Innate Abilities, Weirdness & Mutations

You reflexively headbutt those who attack you in melee.
You have a pair of horns on your head.


Message History

* * * LOW HITPOINT WARNING * * *
Unknown command.
You hit the yak but do no damage.
The yak is almost dead.
You block the yak's attack. The yak closely misses you.
You furiously retaliate!
You headbutt the yak. You block the yak's attack.
You closely miss the yak.
The yak is almost dead.
You block the yak's attack.
You hit the yak but do no damage.
The yak is almost dead.
You block the yak's attack.
You hit the yak.
The yak is almost dead.
The yak gores you!
* * * LOW HITPOINT WARNING * * *
The yak gores you.
You die...
Your body crumbles into a pile of gold.

###..................##
####### #....................
#.....####......(.....(...##..
#####....................###..
##....##............####..
####.###..............###...
#....#....###.....).........
###.###....###................
#.......#....@Y...............
#.....###...##...........#....
#....#....................##..
#....#...#####................
#....#.......................#
#....#...#####.....8....#.....
######...# ###...>###..##...
#...# ##..8.###...... #####
####.............


You could see a yak.

Vanquished Creatures
  Grinder (D:6)
  A water moccasin (D:5)
  A sky beast (D:5)
  A phantom (D:5)
  An ogre (D:5)
  A scorpion (D:5)
  A howler monkey (D:5)
  3 orc priests
  A centaur skeleton (D:5)
  2 worker ants (D:4)
  2 orc wizards
  A hound skeleton (D:4)
  A worker ant zombie (D:5)
  3 gnolls (D:2)
  5 adders
  3 shadow imps
  4 oozes
  An adder skeleton (D:4)
  3 worms
  3 dart slugs
  4 leopard geckos
  11 orcs
  2 ball pythons
  3 giant cockroaches
  10 goblins
  5 hobgoblins
  8 jackals
  7 kobolds
  2 quokkas
  6 bats
  10 frilled lizards
  A leopard gecko zombie (D:5)
  2 quokka skeletons (D:4)
  4 rats
114 creatures vanquished.

Notes
Turn   | Place    | Note
-------+----------+-------------------------------------------
     0 | D:1      | diana the Minotaur Fighter began the quest for the Orb.
     0 | D:1      | Reached XP level 1. HP: 19/19 MP: 0/0
   177 | D:1      | Reached XP level 2. HP: 27/27 MP: 1/1
   362 | D:1      | Reached skill level 1 in Dodging
   917 | D:2      | Reached XP level 3. HP: 33/33 MP: 2/2
  1484 | D:2      | Reached XP level 4. HP: 35/40 MP: 3/3
  1657 | D:3      | Reached XP level 5. HP: 44/47 MP: 4/4
  2021 | D:3      | Found an ornate altar of the Wu Jian Council.
  2415 | D:4      | Reached XP level 6. HP: 15/55 MP: 5/5
  2738 | D:4      | Reached skill level 5 in Armour
  2738 | D:4      | Reached skill level 5 in Shields
  2910 | D:5      | Entered Level 5 of the Dungeon
  2930 | D:5      | Reached skill level 5 in Fighting
  2963 | D:5      | Found a staircase to the Ecumenical Temple.
  3021 | Temple   | Entered the Ecumenical Temple
  3204 | Temple   | Became a worshipper of Gozag Ym Sagoz the Greedy
  3241 | D:5      | Noticed a sky beast
  3247 | D:5      | Reached XP level 7. HP: 50/61 MP: 6/6
  3367 | D:5      | Reached skill level 5 in Axes
  3625 | D:6      | Noticed Grinder
  3647 | D:6      | Killed Grinder
  3647 | D:6      | Reached XP level 8. HP: 40/70 MP: 7/7
  4006 | D:5      | Slain by a yak

Skill      XL: |  1  2  3  4  5  6  7 |
---------------+----------------------+-----
Dodging        | 1 2 3 4 |  4.4
Fighting       | 4 5 6 |  6.2
Shields        | 4 5 6 |  6.3
Armour         | 4 5 6 |  6.2
Axes           | 3 4 5 |  5.6

Action                   |  1- 3 |  4- 6 |  7- 9 || total
-------------------------+-------+-------+-------++-------
Melee: War axe           |   101 |   153 |    84 ||   338
       Headbutt          |    10 |    32 |    14 ||    56
  Eat: Chunk             |     1 |     7 |       ||     8
Armor: Scale mail        |    53 |    51 |    15 ||   119
Dodge: Dodged            |    36 |    42 |    29 ||   107
Block: Shield            |    59 |    79 |    64 ||   202
